 Dungeon Crawl Stone Soup version 0.21.1-1-g345015f (webtiles) character file.

2700 tidbits the Martial Artist (level 9, -3/68 HPs)
             Began as a Gnoll Transmuter on Mar 7, 2018.
             Was a Follower of Cheibriados.
             Slain by an orc warrior
             ... wielding a +0 short sword
              (14 damage)
             ... on level 7 of the Dungeon.
             The game lasted 00:21:19 (2147 turns).

tidbits the Martial Artist (Gnoll Transmuter)       Turns: 2147, Time: 00:21:20

Health: -3/68      AC:  2    Str: 16    XL:     9   Next: 65%
Magic:  1/19       EV: 33    Int: 21    God:    Cheibriados [*.....]
Gold:   269        SH:  3    Dex: 29    Spells: 10/21 levels left

rFire    . . .     SeeInvis .     - Unarmed
rCold    . . .     Gourm    .   (shield currently unavailable)
rNeg     . . .     Faith    .   (armour currently unavailable)
rPois    x         Spirit   .   (helmet currently unavailable)
rElec    .         Reflect  +   (cloak currently unavailable)
rCorr    .         Harm     .   (gloves currently unavailable)
MR       .....                  (boots currently unavailable)
Stlth    +++++.....             r - +3 amulet of reflection
HPRegen  0.21/turn              u - ring of flight
MPRegen  0.16/turn              (no ring)

@: agile, spider-form, very slightly contaminated, very slow
A: tiny, distributed training, strong nose
a: End Transformation, Bend Time, Renounce Religion, Evoke Flight


You were on level 7 of the Dungeon.
You worshipped Cheibriados.
Cheibriados was aware of your devotion.
You were very hungry.
You were a venomous arachnid creature.
You visited 2 branches of the dungeon, and saw 9 of its levels.

You collected 269 gold pieces.

Inventory:

Hand Weapons
 g - a +0 hunting sling
 k - a +0 dagger
 n - a +3 hunting sling
 w - a +1 dagger of draining
   (You took it off an orc on level 3 of the Dungeon)
 y - a +0 war axe
Missiles
 a - 102 arrows
 o - 35 stones (quivered)
 D - 17 bolts
Armour
 s - a +0 ring mail of magic resistance
   (You took it off a kobold on level 3 of the Dungeon)
 v - a +0 ring mail
 B - a +0 robe (melded)
 E - a +0 helmet (melded)
 G - a +0 pair of gloves (melded)
Jewellery
 j - an uncursed ring of ice
   (You found it on level 1 of the Dungeon)
 r - a +3 amulet of reflection (around neck)
   (You found it on level 2 of the Dungeon)
 u - a ring of flight (left front leg)
   (You found it on level 3 of the Dungeon)
Wands
 C - a wand of random effects (32)
Scrolls
 b - a scroll of fear {unknown}
 f - 3 scrolls of immolation {unknown}
 h - a scroll of fog
 i - a scroll of enchant weapon
 l - 6 scrolls of teleportation
 q - a scroll of noise
 z - 2 scrolls of remove curse
 F - 2 scrolls of random uselessness {unknown}
Potions
 p - a potion of degeneration
 t - a potion of haste
 A - a potion of berserk rage
Books
 c - a book of Changes

   Spells                             Type                      Level
   a - Beastly Appendage              Transmutation                1
   b - Sticks to Snakes               Transmutation                2
   c - Spider Form                    Transmutation/Poison         3
   d - Ice Form                       Ice/Transmutation            4
   e - Blade Hands                    Transmutation                5
Comestibles
 d - 9 rations


   Skills:
 + Level 5.1 Fighting
 + Level 4.3 Short Blades
 + Level 4.3 Long Blades
 + Level 4.3 Axes
 + Level 4.3 Maces & Flails
 + Level 4.3 Polearms
 + Level 4.3 Staves
 + Level 4.3 Slings
 + Level 4.3 Bows
 + Level 4.3 Crossbows
 + Level 4.3 Throwing
 + Level 4.3 Armour
 + Level 6.4 Dodging
 + Level 4.3 Stealth
 + Level 4.3 Shields
 + Level 8.0 Unarmed Combat
 + Level 6.7 Spellcasting
 + Level 3.6 Conjurations
 + Level 3.6 Hexes
 + Level 3.6 Charms
 + Level 3.6 Summonings
 + Level 3.6 Necromancy
 + Level 3.6 Translocations
 + Level 5.3 Transmutations
 + Level 3.6 Fire Magic
 + Level 3.6 Ice Magic
 + Level 3.6 Air Magic
 + Level 3.6 Earth Magic
 + Level 3.6 Poison Magic
 + Level 4.8 Invocations
 + Level 4.3 Evocations


You had 10 spell levels left.
You knew the following spells:

 Your Spells              Type           Power        Failure   Level  Hunger
e - Beastly Appendage     Tmut           ####..       5%          1    None
h - Blade Hands           Tmut           ####......   50%         5    #####..
k - Sticks to Snakes      Tmut           ####....     7%          2    None
p - Spider Form           Tmut/Pois      ####......   13%         3    #......


Dungeon Overview and Level Annotations

Branches:
Dungeon (8/15)             Temple (1/1) D:6
   Lair: D:8-11

Altars:
Cheibriados
Fedhas
Gozag
Okawaru
Sif Muna
Uskayaw
Vehumet
Yredelemnul
Beogh

Annotations:
D:8 Gastronok, Psyche


Innate Abilities, Weirdness & Mutations

Your experience applies equally to all skills.
((You have very sharp teeth.))
Your uncanny sense of smell can sniff out nearby items.


Message History

Okay, then.
An orc comes into view. It is wielding a war axe.
You hear a shout! x2
Unknown command.
An orc and an orc warrior come into view.
The orc wizard completely misses you. 2 orcs and an orc warrior come into view.
The orc priest invokes the aid of Beogh against you.
Beogh smites you!
You hear a shout!
Unknown command.
You hear a shout! x2
Your transformation is almost over.
There is a transporter landing site here.
You catch the helpless orc warrior completely off-guard!
You hit the orc warrior.
The orc shouts!
Your bite misses the orc warrior.
The orc warrior is lightly wounded.
You are starting to lose your buoyancy.
The orc warrior completely misses you.
You barely miss the orc warrior.
You bite the orc warrior, but do no damage.
The orc warrior is lightly wounded.
An orc comes into view. It is wielding a war axe.
You slice the orc warrior!!
You kill the orc warrior!
Cheibriados appreciates the change of pace.
The orc priest closely misses you.
The orc priest calls down the wrath of Beogh upon you.
Beogh smites you!
The orc warrior shouts!
You hit the orc priest.
The orc priest is lightly wounded.
The orc priest misses you.
Unknown command.
You slice the orc priest!!
You kill the orc priest!
Cheibriados thoroughly appreciates the change of pace.
An orc comes into view.
The orc moves out of view.
An orc comes into view. It is wielding a flail.
The orc shouts!
You slice the orc warrior!!
You kill the orc warrior!
Cheibriados thoroughly appreciates the change of pace.
The orc hits you with a hand axe.
Unknown command.
The orc shouts!
You slash the orc!
You kill the orc!
Cheibriados thoroughly appreciates the change of pace.
You float gracefully downwards.
You hit the orc priest.
The orc priest is lightly wounded.
The orc priest completely misses you.
You slash the orc priest!
You kill the orc priest!
Cheibriados thoroughly appreciates the change of pace.
Your Unarmed Combat skill increases to level 8!
Unknown command.
You barely miss the orc.
Your hands revert to their normal proportions.
Your +0 pair of gloves unmelds from your body.
The orc completely misses you.
Unknown command.
You hit the orc but do no damage.
The orc priest calls down the wrath of Beogh upon you.
Beogh smites you!
* * * LOW HITPOINT WARNING * * *
Unknown command.
You feel much better. The orc misses you.
Casting: Blade Hands
Confirm with . or Enter, or press ? or * to list all spells.
You turn into a venomous arachnid creature.
Your +0 helmet melds into your body.
Your +0 pair of gloves melds into your body.
Your +0 robe melds into your body.
You block the orc's attack.
You closely miss the orc warrior. The orc warrior closely misses you.
The orc completely misses you.
You hit the orc warrior.
The orc warrior is lightly wounded.
The orc warrior hits you with a short sword!
The orc completely misses you.
The orc priest calls down the wrath of Beogh upon you.
Beogh smites you!
* * * LOW HITPOINT WARNING * * *
You hit the orc warrior.
The orc warrior is lightly wounded.
The orc warrior completely misses you. The orc completely misses you.
You hit the orc warrior.
The orc warrior is poisoned.
The orc warrior is moderately wounded.
The orc warrior hits you with a short sword!!
* * * LOW HITPOINT WARNING * * *
You hit the orc warrior but do no damage.
The orc warrior looks as sick as possible!
The orc warrior is moderately wounded.
The orc misses you.
The orc warrior hits you with a short sword!
You die...

#.#.# ##...## ####.# .....
##.....## ####.#### .....###
##.......## ##.......#
.......###.........####........#
.........'.........'...........#
.......###......©..####........#
...#.#.# ########### ##.......#
. ...#.# ########### #.......#
..##.#.# ##ooooso...# #....>).#
).##.#.# #.oo#####...####.#####
..##.#.# #....#}# .# #.#
.......# #.#..?}/ #.# ..##.###
#.##o8)8. #.# ..##.# ### .$_$..#
#.# ..##.###.# .8.8.## #.
..##.##..# .......# ..##.##..#
.#.#o..


You could see an orc warrior, an orc priest, an orc wizard and 4 orcs.

Vanquished Creatures
  A two-headed ogre (D:8)
  The ghost of Xelenos the Charmwright, an amateur TeSk (D:4)
  Duvessa (D:6)
  2 orc warriors (D:7)
  A sky beast (D:6)
  2 ice beasts (D:6)
  A black bear (D:7)
  A centaur (D:5)
  A phantom (D:4)
  An ogre (D:7)
  2 big kobolds (D:7)
  3 bullfrogs (D:6)
  Dowan (D:6)
  A water moccasin zombie (D:6)
  A howler monkey (D:6)
  3 crimson imps
  3 hounds
  4 orc priests
  5 orc wizards
  Robin (D:3)
  7 adders
  An ooze (D:6)
  A dart slug (D:2)
  3 leopard geckos
  10 orcs
  3 bats
  A giant cockroach (D:3)
  13 goblins
  6 hobgoblins
  10 jackals
  3 quokkas
  2 ball pythons
  2 frilled lizards
  15 kobolds
  3 rats
116 creatures vanquished.

Vanquished Creatures (collateral kills)
  A centaur skeleton (D:4)
1 creature vanquished.

Grand Total: 117 creatures vanquished

Notes
Turn   | Place    | Note
-------+----------+-------------------------------------------
     0 | D:1      | tidbits the Gnoll Transmuter began the quest for the Orb.
     0 | D:1      | Reached XP level 1. HP: 17/17 MP: 6/6
   250 | D:1      | Reached XP level 2. HP: 23/23 MP: 5/7
   254 | D:1      | Learned a level 2 spell: Sticks to Snakes
   469 | D:2      | Reached XP level 3. HP: 15/28 MP: 5/9
   476 | D:2      | Reached skill level 5 in Spellcasting
   493 | D:2      | Learned a level 3 spell: Spider Form
   574 | D:3      | Reached skill level 1 in Invocations
   689 | D:3      | Reached skill level 1 in Short Blades
   689 | D:3      | Reached skill level 1 in Long Blades
   689 | D:3      | Reached skill level 1 in Axes
   689 | D:3      | Reached skill level 1 in Maces & Flails
   689 | D:3      | Reached skill level 1 in Polearms
   689 | D:3      | Reached skill level 1 in Staves
   689 | D:3      | Reached skill level 1 in Slings
   689 | D:3      | Reached skill level 1 in Bows
   689 | D:3      | Reached skill level 1 in Crossbows
   689 | D:3      | Reached skill level 1 in Throwing
   689 | D:3      | Reached skill level 1 in Armour
   689 | D:3      | Reached skill level 1 in Stealth
   689 | D:3      | Reached skill level 1 in Shields
   689 | D:3      | Reached skill level 1 in Evocations
   691 | D:3      | Reached XP level 4. HP: 31/34 MP: 2/11
   740 | D:4      | Noticed Xelenos's ghost (amateur TeSk)
   771 | D:3      | Noticed Robin
   786 | D:3      | Killed Robin
   884 | D:4      | Killed Xelenos's ghost
   884 | D:4      | Reached skill level 3 in Fighting
   884 | D:4      | Reached skill level 1 in Conjurations
   884 | D:4      | Reached skill level 1 in Hexes
   884 | D:4      | Reached skill level 1 in Charms
   884 | D:4      | Reached skill level 1 in Summonings
   884 | D:4      | Reached skill level 1 in Necromancy
   884 | D:4      | Reached skill level 1 in Translocations
   884 | D:4      | Reached skill level 4 in Transmutations
   884 | D:4      | Reached skill level 1 in Fire Magic
   884 | D:4      | Reached skill level 1 in Ice Magic
   884 | D:4      | Reached skill level 1 in Air Magic
   884 | D:4      | Reached skill level 1 in Earth Magic
   884 | D:4      | Reached skill level 1 in Poison Magic
   884 | D:4      | Reached XP level 5. HP: 19/41 MP: 10/12
   932 | D:5      | Entered Level 5 of the Dungeon
  1004 | D:4      | Reached XP level 6. HP: 23/47 MP: 7/13
  1006 | D:4      | Reached skill level 2 in Invocations
  1107 | D:4      | Noticed a phantom
  1122 | D:4      | Killed a phantom
  1122 | D:4      | Reached skill level 2 in Short Blades
  1122 | D:4      | Reached skill level 2 in Long Blades
  1122 | D:4      | Reached skill level 2 in Axes
  1122 | D:4      | Reached skill level 2 in Maces & Flails
  1122 | D:4      | Reached skill level 2 in Polearms
  1122 | D:4      | Reached skill level 2 in Staves
  1122 | D:4      | Reached skill level 2 in Slings
  1122 | D:4      | Reached skill level 2 in Bows
  1122 | D:4      | Reached skill level 2 in Crossbows
  1122 | D:4      | Reached skill level 2 in Throwing
  1122 | D:4      | Reached skill level 2 in Armour
  1122 | D:4      | Reached skill level 5 in Dodging
  1122 | D:4      | Reached skill level 2 in Stealth
  1122 | D:4      | Reached skill level 2 in Shields
  1122 | D:4      | Reached skill level 2 in Evocations
  1290 | D:5      | Reached XP level 7. HP: 42/52 MP: 11/15
  1293 | D:5      | Reached skill level 7 in Unarmed Combat
  1344 | D:6      | Reached skill level 2 in Conjurations
  1344 | D:6      | Reached skill level 2 in Hexes
  1344 | D:6      | Reached skill level 2 in Charms
  1344 | D:6      | Reached skill level 2 in Summonings
  1344 | D:6      | Reached skill level 2 in Necromancy
  1344 | D:6      | Reached skill level 2 in Translocations
  1344 | D:6      | Reached skill level 2 in Fire Magic
  1344 | D:6      | Reached skill level 2 in Ice Magic
  1344 | D:6      | Reached skill level 2 in Air Magic
  1344 | D:6      | Reached skill level 2 in Earth Magic
  1344 | D:6      | Reached skill level 2 in Poison Magic
  1377 | D:7      | Reached skill level 3 in Invocations
  1408 | D:6      | Found a staircase to the Ecumenical Temple.
  1421 | D:6      | Reached XP level 8. HP: 26/60 MP: 9/16
  1430 | Temple   | Entered the Ecumenical Temple
  1441 | Temple   | Became a worshipper of Cheibriados the Contemplative
  1531 | D:6      | Reached skill level 4 in Fighting
  1531 | D:6      | Reached skill level 3 in Short Blades
  1531 | D:6      | Reached skill level 3 in Long Blades
  1531 | D:6      | Reached skill level 3 in Axes
  1531 | D:6      | Reached skill level 3 in Maces & Flails
  1531 | D:6      | Reached skill level 3 in Polearms
  1531 | D:6      | Reached skill level 3 in Staves
  1531 | D:6      | Reached skill level 3 in Slings
  1531 | D:6      | Reached skill level 3 in Bows
  1531 | D:6      | Reached skill level 3 in Crossbows
  1531 | D:6      | Reached skill level 3 in Throwing
  1531 | D:6      | Reached skill level 3 in Armour
  1531 | D:6      | Reached skill level 3 in Stealth
  1531 | D:6      | Reached skill level 3 in Shields
  1531 | D:6      | Reached skill level 3 in Evocations
  1539 | D:6      | Noticed Duvessa
  1542 | D:6      | Noticed Dowan
  1548 | D:6      | Killed Duvessa
  1548 | D:6      | Reached skill level 6 in Spellcasting
  1553 | D:6      | Killed Dowan
  1656 | D:6      | Reached * piety under Cheibriados
  1656 | D:6      | Reached skill level 3 in Conjurations
  1656 | D:6      | Reached skill level 3 in Hexes
  1656 | D:6      | Reached skill level 3 in Charms
  1656 | D:6      | Reached skill level 3 in Summonings
  1656 | D:6      | Reached skill level 3 in Necromancy
  1656 | D:6      | Reached skill level 3 in Translocations
  1656 | D:6      | Reached skill level 3 in Fire Magic
  1656 | D:6      | Reached skill level 3 in Ice Magic
  1656 | D:6      | Reached skill level 3 in Air Magic
  1656 | D:6      | Reached skill level 3 in Earth Magic
  1656 | D:6      | Reached skill level 3 in Poison Magic
  1656 | D:6      | Reached skill level 4 in Invocations
  1768 | D:8      | Noticed a two-headed ogre
  1777 | D:8      | HP: 4/61 [two-headed ogre/giant club (30)]
  1779 | D:8      | Killed a two-headed ogre
  1779 | D:8      | Reached skill level 4 in Short Blades
  1779 | D:8      | Reached skill level 4 in Long Blades
  1779 | D:8      | Reached skill level 4 in Axes
  1779 | D:8      | Reached skill level 4 in Maces & Flails
  1779 | D:8      | Reached skill level 4 in Polearms
  1779 | D:8      | Reached skill level 4 in Staves
  1779 | D:8      | Reached skill level 4 in Slings
  1779 | D:8      | Reached skill level 4 in Bows
  1779 | D:8      | Reached skill level 4 in Crossbows
  1779 | D:8      | Reached skill level 4 in Throwing
  1779 | D:8      | Reached skill level 4 in Armour
  1779 | D:8      | Reached skill level 6 in Dodging
  1779 | D:8      | Reached skill level 4 in Stealth
  1779 | D:8      | Reached skill level 4 in Shields
  1779 | D:8      | Reached skill level 5 in Transmutations
  1779 | D:8      | Reached skill level 4 in Evocations
  1779 | D:8      | Reached XP level 9. HP: 4/67 MP: 11/18
  1785 | D:8      | Noticed Gastronok
  1936 | D:7      | Reached skill level 5 in Fighting
  2010 | D:7      | Found a transporter.
  2084 | D:8      | Noticed Psyche
  2108 | D:7      | Learned a level 5 spell: Blade Hands
  2122 | D:7      | Found a roughly hewn altar of Beogh.
  2138 | D:7      | Reached skill level 8 in Unarmed Combat
  2147 | D:7      | Slain by an orc warrior

Skill      XL: |  1  2  3  4  5  6  7  8  9 |
---------------+----------------------------+-----
Spellcasting   | 5 6 |  6.7
Invocations    | 1 2 3 4 |  4.8
Short Blades   | 1 2 4 |  4.3
Long Blades    | 1 2 4 |  4.3
Axes           | 1 2 4 |  4.3
Maces & Flails | 1 2 4 |  4.3
Polearms       | 1 2 4 |  4.3
Staves         | 1 2 4 |  4.3
Slings         | 1 2 4 |  4.3
Bows           | 1 2 4 |  4.3
Crossbows      | 1 2 4 |  4.3
Throwing       | 1 2 4 |  4.3
Armour         | 1 2 4 |  4.3
Stealth        | 1 2 4 |  4.3
Shields        | 1 2 4 |  4.3
Evocations     | 1 2 4 |  4.3
Fighting       | 3 4 5 |  5.1
Conjurations   | 1 2 3 |  3.6
Hexes          | 1 2 3 |  3.6
Charms         | 1 2 3 |  3.6
Summonings     | 1 2 3 |  3.6
Necromancy     | 1 2 3 |  3.6
Translocations | 1 2 3 |  3.6
Transmutations | 4 5 |  5.3
Fire Magic     | 1 2 3 |  3.6
Ice Magic      | 1 2 3 |  3.6
Air Magic      | 1 2 3 |  3.6
Earth Magic    | 1 2 3 |  3.6
Poison Magic   | 1 2 3 |  3.6
Dodging        | 5 6 |  6.4
Unarmed Combat | 7 8 |  8.0

Action                   |  1- 3 |  4- 6 |  7- 9 || total
-------------------------+-------+-------+-------++-------
Melee: Unarmed           |    81 |    85 |   161 ||   327
       Headbutt          |     3 |       |       ||     3
       Kick              |     7 |       |       ||     7
       Punch             |     2 |       |       ||     2
       Bite              |     1 |       |     1 ||     2
Throw: Tomahawk          |       |       |     3 ||     3
 Cast: Beastly Appendage |    15 |     1 |       ||    16
       Sticks to Snakes  |     1 |     6 |     5 ||    12
       Spider Form       |     7 |    14 |    15 ||    36
       Blade Hands       |       |       |     1 ||     1
 Abil: End Transformatio |       |     1 |     1 ||     2
  Use: Scroll            |     3 |     3 |     3 ||     9
       Potion            |       |     2 |     6 ||     8
 Stab: Distracted        |     1 |     1 |     2 ||     4
       Sleeping          |     1 |       |       ||     1
  Eat: Chunk             |       |     3 |     3 ||     6
Armor: Robe              |     6 |     1 |     1 ||     8
       Skin              |       |     3 |     6 ||     9
Dodge: Dodged            |    53 |    59 |   105 ||   217
Block: Other             |     2 |     9 |    13 ||    24

Table legend:
 A = Turns spent in this place as a percentage of turns spent in the entire game.
 B = Non-inter-level travel turns spent in this place as a percentage of non-inter-level travel turns spent in the entire game.
 C = Inter-level travel turns spent in this place as a percentage of turns spent in this place.
 D = Turns resting spent in this place as a percentage of non-inter-level travel turns spent in this place.
 E = Turns spent auto-exploring this place as a percentage of non-inter-level travel turns spent in this place.
 F = Non-inter-level travel turns spent in this place divided by the number of levels of this place that you've seen.
                   A       B       C       D       E      F
               +-------+-------+-------+-------+-------+----------------------
         Total | 100.0 | 100.0 |   0.5 |   0.0 |   0.0 | 237.4
       Dungeon |  98.9 |  99.4 |   0.0 |   0.0 |   0.0 | 265.5
        Temple |   1.1 |   0.6 |  43.5 |   0.0 |   0.0 |  13.0
               +-------+-------+-------+-------+-------+----------------------

Table legend:
 A = Kills in this place as a percentage of kills in entire the game.
 B = Kills by you in this place as a percentage of kills by you in the entire game.
 C = Kills by friends in this place as a percentage of kills by friends in the entire game.
 D = Other kills in this place as a percentage of other kills in the entire game.
 E = Experience gained in this place as a percentage of experience gained in the entire game.
 F = Experience gained in this place divided by the number of levels of this place that you have seen.
                   A       B       C       D       E      F
               +-------+-------+-------+-------+-------+----------------------
         Total | 100.0 | 100.0 | 100.0 |   N/A | 100.0 | 428.7
       Dungeon | 100.0 | 100.0 | 100.0 |   N/A | 100.0 | 482.2
               +-------+-------+-------+-------+-------+----------------------

Vault maps used:
D:1:      ncdulo_halloftheorcs
D:2:      nicolae_overflow_crystal_walls, minmay_misc_feat_ornament
D:3:      minmay_distorted, uniq_robin
D:4:      first_ration, small_statue_intersection, minivault_4, uniq_eustachio
D:5:      basic_altar
D:6:      minmay_temple_entry_crystal_x, grunt_ministairs_2, uniq_duvessa
D:7:      gammafunk_beogh_shrine, minmay_misc_feat_secret_circle
D:8:      lemuel_insect_pit, uniq_erica, uniq_gastronok, uniq_pikel, uniq_psyche
Temple:   compressed_dpeg_circular_temple
